 Dungeon Crawl Stone Soup version 0.27-a0-54-g64bdb92e38 (webtiles) character file.

Game seed: 8495922545614148774

400 kae the Insei (level 6, -1/42 HPs)
             Began as an Octopode Transmuter on Jan 7, 2021.
             Slain by an orc
             ... wielding a +0 club
              (3 damage)
             ... on level 4 of the Dungeon.
             The game lasted 00:02:19 (6188 turns).

kae the Insei (Octopode Transmuter)                 Turns: 6188, Time: 00:02:20

Health: -1/42      AC:  1    Str:  9 (12) XL:     6   Next: 84%
Magic:  10/10      EV: 13    Int: 14 (15) God:
Gold:   129        SH:  0    Dex:  7 (8)  Spells: 7/11 levels left

rFire    . . .     SeeInvis .     - Unarmed
rCold    . . .     Faith    .   (no shield)
rNeg     . . .     Spirit   .   (helmet restricted)
rPois    .         Reflect  .   (no amulet)
rElec    .         Harm     .   e - -4 ring of dexterity (curse)
rCorr    .         Rampage  .   i - ring of teleportation (curse)
Will     .....     Rnd*Tele +   (no ring)
Stlth    ++........             (no ring)
HPRegen  0.14/turn              (no ring)
MPRegen  0.12/turn              (no ring)
                                (no ring)
                                (no ring)

@: mighty, brilliant, attractive
A: almost no armour, stealthy swim, amphibious, 8 rings, constrict 8, camouflage
1, gelatinous body 1
a: no special abilities


You were on level 4 of the Dungeon.
You visited 1 branch of the dungeon, and saw 4 of its levels.

You collected 129 gold pieces.

Inventory:

Jewellery
 e - a cursed -4 ring of dexterity (left tentacle)
 i - a cursed ring of teleportation (right tentacle)
Potions
 g - a potion of degeneration
 h - a potion of might


   Skills:
 + Level 3.1 Fighting
 - Level 2.0 Dodging
 * Level 5.4 Unarmed Combat
 - Level 3.0 Spellcasting
 + Level 3.6 Transmutations


You had 7 spell levels left.
You knew the following spells:

 Your Spells              Type           Power        Failure   Level
a - Beastly Appendage     Tmut           36%          4%          1
b - Spider Form           Tmut/Pois      5%           30%         3

Your spell library contained the following spells:

 Spells                   Type           Power        Failure   Level
 Wereblood                Tmut           18%          8%          2
 Ice Form                 Ice/Tmut       10%          71%         4
 Blade Hands              Tmut           9%           80%         5


Dungeon Overview and Level Annotations

Branches:
Dungeon (4/15)
 Temple: D:4-7

Altars:
Dithmenos


Innate Abilities, Weirdness & Mutations

You cannot wear most types of armour.
You are very stealthy in the water. (Stealth+)
You are amphibious.
You can wear up to eight rings at the same time.
You can use your tentacles to constrict eight enemies at once.
Your skin changes colour to match your surroundings (Stealth+).
Your rubbery body absorbs attacks. (AC +1, EV +1)


Message History

You kill the orc!
You barely miss the orc. You grab the orc.
You constrict the orc, but do no damage.
The orc misses you.
Okay, then.
Casting: Beastly Appendage (safe; 4% risk of failure)
Press: ? - help, Q - select action Dir - look around, f - activate
Okay, then.
You aren't carrying any scrolls.
You tentacle-slap the orc but do no damage.
You constrict the orc, but do no damage.
The orc barely misses you.
You tentacle-slap the orc but do no damage.
You squeeze the orc.
You kill the orc!
The hound skeleton is pulled toward you!
You closely miss the orc. You grab the orc.
You constrict the orc, but do no damage.
The orc hits you with a +0 club.
You die...

#.......#########
#................
#............#
#.......W....#
#......o####.#######
#.....o.# #oo......
#...o...# #Z#######
#...o...# #o#
#.......# #@#
#)..##### #.# #...
#.# #... #.? #..
#### #?.


You could see 3 orcs and a hound skeleton.

Vanquished Creatures
  A phantom (D:4)
  An orc priest (D:3)
  An orc wizard (D:3)
  2 worker ants (D:4)
  Natasha (thrice) (D:2)
  A hound skeleton (D:4)
  5 adders
  A leopard gecko (D:1)
  6 orcs
  A ball python (D:2)
  7 bats
  2 giant cockroaches
  7 goblins
  16 hobgoblins
  4 jackals (D:3)
  A quokka (D:2)
  4 frilled lizards
  7 kobolds
  A leopard gecko skeleton (D:4)
  5 rats
76 creatures vanquished.

Notes
Turn   | Place    | Note
-------+----------+-------------------------------------------
     0 | D:1      | kae the Octopode Transmuter began the quest for the Orb.
     0 | D:1      | Reached XP level 1. HP: 13/13 MP: 3/3
   281 | D:1      | Reached XP level 2. HP: 18/18 MP: 3/5
  1039 | D:1      | Reached XP level 3. HP: 11/23 MP: 4/6
  1930 | D:2      | Found a shadowy altar of Dithmenos.
  2691 | D:2      | Reached XP level 4. HP: 20/29 MP: 6/8
  2882 | D:2      | Noticed Natasha
  2891 | D:2      | Killed Natasha
  3502 | D:2      | Noticed Natasha
  3509 | D:2      | Learned a level 3 spell: Spider Form
  3519 | D:2      | Killed Natasha
  3520 | D:2      | Reached skill level 4 in Unarmed Combat
  3520 | D:2      | Reached XP level 5. HP: 16/34 MP: 6/9
  3764 | D:2      | Found a shadowy altar of Dithmenos.
  3927 | D:2      | Noticed Natasha
  3936 | D:2      | Killed Natasha
  4371 | D:2      | Found a shadowy altar of Dithmenos.
  5262 | D:3      | Reached XP level 6. HP: 18/41 MP: 6/10
  5926 | D:4      | Reached skill level 5 in Unarmed Combat
  6142 | D:4      | Noticed a phantom
  6181 | D:4      | HP: 2/41 [phantom (4)]
  6182 | D:4      | Killed a phantom
  6188 | D:4      | Slain by an orc

Illustrated notes

Levels and vault maps discovered:
D:1:      dpeg_arrival_snail, layout_loops_corners,
          ebering_dispersal_statue_hall, st_stairs_10, roderic_filled_cross,
          grunt_decor_mini_mirrors
D:2:      layout_loops_corners, lemuel_doored_altar, uniq_natasha
D:3:      layout_basic
D:4:      layout_basic, minmay_overflow_temple_hex, serial_shops,
          kennysheep_little_box, shop, uniq_duvessa, uniq_crazy_yiuf_cottage,
          uniq_eustachio

Skill      XL: |  1  2  3  4  5  6 |
---------------+-------------------+-----
Spellcasting   | 3 |  3.0
Fighting       | 2 3 |  3.1
Unarmed Combat | 4 5 |  5.4
Transmutations | 3 |  3.6
Dodging        | |  2.0

Action                   |  1- 3 |  4- 6 || total
-------------------------+-------+-------++-------
Melee: Unarmed           |    97 |   111 ||   208
       Constrict         |    27 |    19 ||    46
       Kick              |    15 |    13 ||    28
       Tentacles         |    11 |    18 ||    29
       Punch             |     1 |     3 ||     4
 Cast: Beastly Appendage |    30 |    13 ||    43
       Spider Form       |       |     5 ||     5
  Use: Scroll            |       |     5 ||     5
       Potion            |       |     6 ||     6
 Stab: Sleeping          |     7 |     1 ||     8
Armor: Skin              |     7 |    11 ||    18
Dodge: Dodged            |    61 |    82 ||   143

Table legend: (Time is in decaauts)
 A = Elapsed time spent in this place.
 B = Non-inter-level travel time spent in this place.
 C = Inter-level travel time spent in this place.
 D = Time resting spent in this place.
 E = Time spent auto-exploring this place.
 F = Levels seen in this place.
 G = Mean time per level.
                   A        B        C        D        E       F      G
               +--------+--------+--------+--------+--------+-----+--------+
         Total |   6189 |   6024 |    165 |    491 |   4966 |   4 | 1547.2 |
       Dungeon |   6189 |   6024 |    165 |    491 |   4966 |   4 | 1547.2 |
               +--------+--------+--------+--------+--------+-----+--------+

Top non-repeatable levels by time:
     D:2: 3036 daAuts
     D:1: 1533 daAuts
     D:3: 1237 daAuts
     D:4: 382 daAuts
